Map: Cerulean Fall LE

Players

soul

  • Race: Terran Terran
  • League: Grandmaster
  • Spawn Location: 1:00

ShoWTimE - Winner!

  • Race: Protoss Protoss
  • League: Grandmaster
  • Spawn Location: 7:00

Event: IEM Season 13 - Katowice Server Qualifiers Europe

VOD

Have the link to the VOD?

Description

Time

  • Played on: Jan. 8, 2019, 9:17 a.m.
  • Length: 17:44

All games in this series

Show
View Real Time Build Order
Export as new Build Order

soul Terran 

Build Orders: Reaper Expand 

Get SALT Encoding   

  12  0:00  SCV  
  13  0:13  SCV  
  14  0:17  Supply Depot  
  14  0:25  SCV  
  15  0:38  SCV  
  15  0:40  Barracks  
  16  0:44  Refinery  
  16  0:50  SCV  
  17  1:03  SCV  
  18  1:16  SCV  
  19  1:29  Reaper, Orbital Command  
  20  1:47  Command Center  
  20  1:55  SCV  
  20  1:57  Supply Depot  
  20  2:01  Barracks Reactor  
  21  2:07  SCV  
  22  2:20  SCV  
  23  2:30  Command Center  
  23  2:32  SCV  
  24  2:40  Marine, Barracks  
  24  2:44  Marine  
  24  2:46  SCV  
  26  2:58  Marine, SCV  
  27  3:01  Orbital Command  
  27  3:02  Marine  
  29  3:10  SCV  
  30  3:14  Engineering Bay  
  30  3:19  Marine x2  
  31  3:22  SCV  
  34  3:27  SCV  
  34  3:29  Barracks Tech Lab  
  34  3:34  SCV  
  34  3:39  SCV  
  34  3:40  Missile Turret  
  36  3:41  Marine x2  
  36  3:42  Orbital Command  
  36  3:47  SCV, Bunker  
  39  3:51  Stimpack  
  39  3:52  Marine  
  39  3:54  SCV  
  41  3:59  Marine, SCV  
  43  4:02  Marine  
  43  4:06  Factory, SCV  
  45  4:12  Marine, SCV  
  47  4:17  Marine  
  47  4:18  SCV  
  47  4:20  Barracks  
  47  4:22  Refinery  
  47  4:23  Marine, Refinery  
  49  4:28  SCV  
  49  4:30  Marine, SCV, Orbital Command  
  52  4:31  Supply Depot  
  52  4:35  Marine  
  53  4:40  SCV  
  53  4:43  Supply Depot, Terran Infantry Weapons Level 1  
  55  4:48  Refinery  
  55  4:52  Barracks  
  54  4:53  Barracks  
  54  4:54  SCV  
  54  4:57  Starport  
  54  4:58  Factory Reactor  
  54  4:59  SCV  
  56  5:03  Marauder  
  56  5:06  SCV  
  59  5:09  Barracks Tech Lab  
  59  5:11  Supply Depot  
  59  5:14  SCV  
  59  5:20  SCV x2  
  62  5:23  Marine x2  
  62  5:24  Marauder  
  64  5:28  Supply Depot  
  64  5:29  Combat Shield  
  64  5:31  SCV  
  64  5:32  SCV  
  64  5:34  Marauder  
  64  5:35  SCV  
  68  5:40  Marine, Barracks Tech Lab  
  68  5:41  Barracks Reactor  
  68  5:42  Factory Reactor  
  69  5:43  SCV  
  69  5:45  Medivac  
  69  5:47  Medivac  
  69  5:49  Orbital Command  
  74  5:50  SCV  
  74  5:52  Supply Depot  
  74  5:53  Marine  
  74  5:56  Concussive Shells  
  78  5:57  Marauder  
  78  6:01  Marine, Marauder, SCV  
  78  6:03  SCV  
  83  6:08  Marauder  
  85  6:15  Supply Depot  
  85  6:17  Missile Turret  
  85  6:18  Supply Depot, Medivac  
  85  6:21  Marine, Medivac  
  85  6:25  Marine, Marauder  
  92  6:27  Marauder  
  92  6:30  Marine  
  92  6:31  Marine  
  96  6:32  Marine  
  96  6:37  Widow Mine  
  96  6:38  SCV  
  96  6:39  Marine  
  101  6:41  Widow Mine  
  101  6:43  Marine  
  101  6:46  Marauder  
  106  6:47  Marine, Supply Depot  
  106  6:48  Marine, Terran Infantry Armor Level 1  
  108  6:56  Marine  
  108  6:57  Marauder  
  108  6:59  Widow Mine  
  108  7:00  Medivac  
  115  7:02  Widow Mine  
  117  7:08  Marine, Medivac  
  117  7:09  Marauder x2  
  117  7:12  Marine, Supply Depot  
  117  7:14  Supply Depot  
  125  7:26  Marine  
  125  7:33  Marine x2  
  125  7:34  Marauder x3  
  125  7:35  Marine  
  120  7:44  Marine  
  120  7:50  SCV  
  120  7:51  Marine x2, SCV x2  
  109  7:53  Marine  
  109  7:55  Marauder  
  113  7:59  Widow Mine x2  
  113  8:01  Marauder  
  113  8:02  Marine, Marauder  
  113  8:03  SCV x3  
  124  8:07  Supply Depot  
  124  8:09  Marine  
  125  8:15  SCV x3  
  125  8:16  Marauder  
  130  8:20  Marine  
  130  8:22  Armory  
  130  8:23  Marauder x2  
  136  8:27  SCV  
  135  8:36  SCV  
  135  8:37  SCV  
  136  8:45  Liberator  
  136  8:46  Marine x2, Marauder x3, Liberator  
  136  8:47  SCV  
  141  8:50  SCV  
  141  8:52  Widow Mine  
  144  8:57  SCV  
  144  8:59  SCV  
  144  9:00  Starport  
  143  9:08  Marauder  
  149  9:11  Supply Depot  
  149  9:12  Terran Infantry Weapons Level 2, Supply Depot  
  149  9:16  Terran Ship Weapons Level 1  
  148  9:17  Ghost Academy  
  148  9:19  Refinery  
  148  9:22  Refinery  
  148  9:26  Marauder  
  149  9:32  Marine  
  149  9:33  Marauder x2  
  149  9:34  Supply Depot  
  149  9:36  Supply Depot  
  154  9:47  Marauder, Viking x3  
  154  9:48  Viking  
  164  9:56  Marauder  
  166  10:05  Ghost  
  168  10:08  Ghost  
  168  10:12  SCV x2  
  168  10:13  SCV  
  173  10:17  Viking  
  173  10:18  Viking  
  176  10:21  Command Center  
  176  10:26  Viking  
  176  10:27  Viking  
  173  10:33  SCV x3  
  174  10:41  Ghost  
  170  10:45  SCV x3  
  171  10:56  Viking x3  
  176  10:57  SCV  
  176  10:58  SCV  
  161  11:14  Marine, Marauder x3  
  161  11:15  SCV  
  135  11:20  Marine  
  135  11:23  Liberator  
  130  11:29  Marine  
  130  11:30  SCV  
  125  11:33  Liberator  
  125  11:34  Marine  
  125  11:35  Marauder  
  125  11:36  Marauder x2  
  125  11:37  Marine  
  125  11:38  Planetary Fortress  
  121  11:42  Liberator, SCV  
  121  11:43  Marine  
  121  11:44  SCV  
  127  11:54  SCV  
  131  11:57  Marauder x3  
  131  11:58  SCV  
  141  12:03  Refinery  
  141  12:07  Refinery  
  141  12:13  Marine  
  142  12:17  Marine x3  
  142  12:18  Marauder x3  
  133  12:31  Marine, Missile Turret  
  133  12:32  Missile Turret  
  133  12:34  Missile Turret  
  133  12:35  Marine x3  
  134  12:44  Liberator  
  134  12:46  Liberator  
  134  12:47  Ghost x3  
  134  12:49  Marine  
  132  12:53  Marine x3  
  132  12:58  SCV x4  
  139  13:07  Marine  
  139  13:08  Missile Turret  
  139  13:10  SCV x4  
  139  13:11  Marine x3  
  143  13:17  Marine  
  143  13:18  Marauder  
  146  13:22  SCV x2  
  146  13:25  Marine, Marauder, SCV  
  151  13:29  Marine, SCV  
  153  13:35  Armory  
  153  13:36  Marauder, SCV  
  153  13:37  Marine, Engineering Bay  
  153  13:39  Marauder  
  159  13:45  SCV  
  159  13:46  SCV  
  159  13:47  SCV  
  162  13:51  SCV  
  162  13:53  Marauder  
  162  13:54  Marine x3  
  167  13:57  Marauder, SCV  
  167  14:01  Marauder  
  172  14:04  Sensor Tower  
  172  14:21  Supply Depot  
  172  14:22  Supply Depot  
  172  14:25  Fusion Core  
  172  14:30  Liberator  
  172  14:36  Supply Depot x2  
  172  14:38  SCV  
  172  14:40  Marine  
  172  14:41  Marine, Missile Turret  
  172  14:45  SCV  
  172  14:46  Marine  
  172  14:49  SCV  
  170  14:56  Marine  
  170  14:57  Marauder  
  170  14:58  Liberator  
  170  14:59  Marine, SCV x3  
  173  15:00  Marauder, Liberator x2  
  173  15:01  SCV  
  173  15:03  Marine, Marauder  
  173  15:05  Marine  
  171  15:11  SCV  
  171  15:12  SCV  
  171  15:14  Marine  
  171  15:18  Marauder, SCV  
  180  15:31  Marauder  
  180  15:34  Marine  
  180  15:36  Marauder  
  180  15:37  Supply Depot  
  180  15:38  Supply Depot  
  180  15:41  Liberator  
  180  15:42  Liberator  
  180  15:58  Marine  
  180  15:59  Marine x3, Marauder x2  
  180  16:00  Marauder  
  196  16:09  Liberator  
  196  16:16  Marine  
  196  16:24  Marine  
  196  16:25  Marauder  
  196  16:26  Marine, Marauder x2  
  196  16:31  Marine  
  193  16:35  Marine  
  189  16:42  Marine  
  189  16:46  Marauder  
  155  16:48  Marauder x2  
  138  16:55  Marine x3  
  138  17:00  Marine  
  135  17:04  SCV x2  
  135  17:08  Marauder  
  130  17:09  Marine, Marauder  
  133  17:19  Marine  
  133  17:22  Marine  
  131  17:26  Marine  
Show
View Real Time Build Order
Export as new Build Order

ShoWTimE Protoss - Winner!

Build Orders: 1 Gate Expand, Oracle Opening, Colossus Rush 

Get SALT Encoding   

  12  0:00  Probe  
  13  0:12  Probe  
  14  0:18  Pylon  
  14  0:24  Probe  
  15  0:32  Probe  
  15  0:38  Gateway  
  15  0:40  Probe  
  16  0:46  Assimilator  
  17  0:51  Probe  
  18  1:03  Probe  
  19  1:15  Probe  
  20  1:25  Nexus  
  20  1:35  Cybernetics Core  
  20  1:38  Probe  
  21  1:44  Assimilator  
  21  1:50  Probe  
  21  1:54  Pylon  
  22  2:02  Probe  
  22  2:03  Adept  
  23  2:14  Probe  
  26  2:17  Stargate  
  26  2:23  Warp Gate  
  26  2:26  Probe  
  26  2:29  Adept  
  27  2:34  Probe  
  27  2:35  Probe  
  29  2:42  Probe  
  29  2:43  Probe  
  33  2:52  Probe  
  33  2:53  Oracle, Probe  
  37  3:04  Probe  
  39  3:05  Probe  
  39  3:08  Adept  
  42  3:15  Pylon  
  42  3:17  Probe x2  
  44  3:23  Oracle  
  47  3:34  Gateway  
  47  3:35  Gateway  
  47  3:37  Probe  
  47  3:38  Probe  
  49  3:49  Probe  
  49  3:50  Probe, Pylon  
  51  3:58  Oracle  
  54  4:05  Assimilator  
  54  4:07  Assimilator  
  54  4:08  Probe  
  54  4:09  Probe  
  56  4:18  Robotics Facility  
  56  4:21  Probe x2  
  58  4:25  Nexus  
  58  4:33  Probe x2  
  60  4:42  Pylon  
  60  4:45  Probe x2  
  62  4:53  Forge  
  62  4:56  Pylon  
  62  5:00  Probe x2  
  62  5:01  Sentry  
  62  5:04  Observer  
  62  5:05  Robotics Bay  
  67  5:13  Probe x2  
  69  5:16  Immortal  
  69  5:18  Forge  
  69  5:19  Pylon  
  69  5:20  Sentry  
  71  5:25  Probe x2  
  77  5:35  Pylon  
  77  5:36  Protoss Ground Weapons Level 1  
  77  5:37  Probe x2  
  77  5:38  Pylon  
  77  5:39  Probe  
  77  5:41  Colossus  
  80  5:49  Probe x2  
  82  5:51  Probe  
  82  5:52  Protoss Ground Armor Level 1  
  82  5:56  Shield Battery  
  89  6:01  Probe x2  
  91  6:08  Probe, Gateway  
  92  6:11  Extended Thermal Lance  
  92  6:12  Gateway  
  92  6:15  Zealot x2  
  96  6:18  Twilight Council  
  96  6:27  Colossus  
  96  6:30  Pylon  
  96  6:33  Blink  
  96  6:34  Probe x3  
  105  6:43  Gateway, Pylon  
  105  6:45  Pylon  
  105  6:46  Pylon  
  105  6:49  Nexus  
  105  6:57  Pylon  
  105  6:58  Shield Battery  
  105  7:03  Observer, Pylon  
  105  7:05  Sentry  
  105  7:06  Stalker  
  109  7:09  Pylon  
  109  7:13  Stalker  
  109  7:14  Stalker  
  113  7:17  Probe x3  
  116  7:30  Zealot  
  116  7:31  Zealot x2  
  122  7:41  Protoss Ground Armor Level 2  
  122  7:43  Protoss Ground Weapons Level 2  
  112  7:44  Zealot x2  
  110  7:57  Stalker x3  
  116  8:05  Stalker x2  
  120  8:06  Probe x2  
  120  8:07  Probe  
  122  8:21  Charge  
  122  8:23  Photon Cannon, Zealot x3  
  128  8:29  Zealot x2  
  127  8:36  Colossus  
  127  8:37  Probe x2  
  125  8:45  Pylon  
  125  8:46  Stalker x3  
  125  8:47  Pylon  
  137  8:50  Gateway  
  137  8:53  Stalker x2  
  137  8:55  Gateway  
  141  9:07  Pylon  
  139  9:10  Nexus, Stalker x3  
  139  9:11  Pylon  
  139  9:13  Pylon  
  145  9:25  Pylon  
  145  9:28  Zealot x2  
  145  9:29  Colossus  
  149  9:31  Pylon  
  149  9:32  Probe  
  149  9:33  Probe x2  
  149  9:36  Assimilator  
  152  9:40  Assimilator  
  152  9:44  Probe, Photon Cannon x2  
  152  9:45  Probe, Stalker  
  160  9:46  Protoss Ground Armor Level 3, Stalker  
  160  9:47  Zealot  
  160  9:51  Zealot  
  168  9:55  Zealot x2  
  168  9:59  Zealot  
  174  10:03  Zealot  
  176  10:13  Probe x3  
  179  10:15  Pylon  
  179  10:19  Shield Battery  
  179  10:21  Protoss Ground Weapons Level 3, Zealot x3  
  181  10:25  Observer  
  185  10:28  Zealot x2  
  175  10:44  Zealot  
  175  10:45  Zealot x5  
  175  10:46  Warp Prism  
  187  10:50  Dark Shrine  
  153  11:13  Zealot x8  
  141  11:20  Disruptor  
  118  11:36  Zealot x6  
  118  11:37  Zealot  
  120  11:45  Disruptor  
  119  11:48  Stalker  
  121  11:56  Robotics Facility  
  124  12:05  Dark Templar x2  
  124  12:07  Nexus  
  128  12:08  Pylon  
  128  12:09  Disruptor  
  128  12:10  Dark Templar  
  128  12:11  Dark Templar x3  
  128  12:12  Zealot x2  
  136  12:27  Protoss Shields Level 1  
  134  12:32  Dark Templar, Zealot  
  136  12:38  Disruptor  
  125  12:44  Stalker x2  
  125  12:50  Probe x2  
  124  12:59  Nexus  
  124  13:00  Pylon, Disruptor  
  124  13:01  Zealot x4  
  124  13:04  Photon Cannon  
  133  13:18  Pylon  
  133  13:24  Disruptor, Stalker x5  
  133  13:25  Sentry x2  
  139  13:34  Photon Cannon  
  139  13:35  Photon Cannon  
  142  13:46  Zealot  
  144  13:49  Probe x2, Assimilator  
  144  13:50  Zealot x3  
  144  13:51  Zealot x4  
  144  13:54  Assimilator  
  160  14:04  Templar Archives  
  160  14:09  Zealot  
  162  14:13  Dark Templar, Zealot x2  
  162  14:16  Stalker x4  
  176  14:27  Fleet Beacon  
  176  14:29  Stargate  
  176  14:30  Zealot  
  178  14:34  Disruptor  
  181  14:39  Zealot x3  
  181  14:40  Zealot  
  181  14:43  Dark Templar  
  167  14:56  Dark Templar x2, Zealot  
  169  15:00  Zealot x4  
  168  15:11  Probe x3  
  168  15:12  Tempest x2  
  168  15:13  Probe x2, Photon Cannon  
  165  15:26  Zealot  
  165  15:27  Zealot  
  176  15:39  Disruptor x2  
  182  15:43  Assimilator  
  182  15:44  Tempest  
  182  15:47  Assimilator  
  182  15:48  Tempest, Stalker x2  
  189  16:04  Stalker x2  
  196  16:08  Stalker  
  196  16:23  Dark Templar x2  
  199  16:27  Stalker  
  199  16:32  Dark Templar  
  188  16:41  Stalker x3  
  162  17:00  Zealot x3  
  166  17:04  Zealot  
  166  17:05  Zealot x2  
  166  17:06  Gateway  
  166  17:08  Gateway, Archon  
  166  17:10  Probe x2  
  166  17:11  Probe x2  
  156  17:24  High Templar x2  
  157  17:40  Stalker x3  

Tags
 
Add a new tag
Caveats
  • Supply blocks, unpowered buildings, or Contaminate may cause inaccurate times.
  • Supply counts are checked every 10 seconds.